 Dungeon Crawl Stone Soup version 0.27.1-3-gb3d3a73c9e (webtiles) character file.

Game seed: 9331391228827172570

26 jlumianski the Covered (level 3, 0/23 HPs)
             Began as a Gargoyle Fighter on Oct 25, 2021.
             Killed from afar by Sigmund (8 damage)
             ... with a puff of flame
             ... on level 3 of the Dungeon.
             The game lasted 00:03:34 (1329 turns).

jlumianski the Covered (Gargoyle Fighter)           Turns: 1329, Time: 00:03:35

Health: 0/23       AC: 13    Str: 20    XL:     3   Next: 8%
Magic:  3/3        EV:  5    Int:  8    God:
Gold:   48         SH:  0    Dex:  9    Spells: 2/2 levels left

rFire    . . .     SeeInvis .   a - +0 war axe
rCold    . . .     Faith    .   c - +0 kite shield
rNeg     + . .     Spirit   .   j - +0 chain mail
rPois    ∞         Reflect  .   (no helmet)
rElec    +         Harm     .   (no cloak)
rCorr    .         Rampage  .   h - +0 pair of gloves
Will     .....                  (no boots)
Stlth    ..........             (no amulet)
HPRegen  0.07/turn              (no ring)
MPRegen  0.08/turn              (no ring)

@: confused, mighty
A: sickness immunity, AC +3, negative energy resistance 1, electricity
resistance, torment resistance 1, petrification resistance
a: no special abilities


You were on level 3 of the Dungeon.
You visited 1 branch of the dungeon, and saw 3 of its levels.

You collected 48 gold pieces.

Inventory:

Hand Weapons
 a - a +0 war axe (weapon)
Missiles
 i - 4 atropa-tipped darts (quivered)
Armour
 b - a +0 scale mail
 c - a +0 kite shield (worn)
 h - a +0 pair of gloves (worn)
 j - a +0 chain mail (worn)
Scrolls
 g - a scroll of noise {unknown}
 l - 2 scrolls of identify {unknown}
 m - a scroll of fog {unknown}
Potions
 e - 3 potions of curing {unknown}
 f - a potion of berserk rage {unknown}
 k - a potion of ambrosia {unknown}


   Skills:
 + Level 3.5 Fighting
 + Level 2.4 Axes
 + Level 3.7 Armour
 + Level 0.1 Dodging
 + Level 3.3 Shields


You had 2 spell levels left.
You didn't know any spells.
Your spell library contained the following spells:

 Spells                   Type           Power      Damage    Failure   Level
 Foxfire                  Conj/Fire      0%         2x1d4     100%        1
 Summon Small Mammal      Summ           0%         N/A       100%        1
 Call Canine Familiar     Summ           0%         N/A       100%        3
 Conjure Flame            Conj/Fire      0%         6-21      100%        3
 Gell's Gravitas          Tloc           0%         N/A       100%        3
 Inner Flame              Hex/Fire       0%         N/A       100%        3
 Stone Arrow              Conj/Erth      0%         3d7       100%        3
 Summon Guardian Golem    Hex/Summ       0%         N/A       100%        3
 Teleport Other           Tloc           0%         N/A       100%        3
 Bolt of Magma            Conj/Fire/Erth 0%         4d4       100%        5
 Dispersal                Tloc           0%         N/A       100%        6
 Shatter                  Erth           0%         3d5*      100%        9


Dungeon Overview and Level Annotations

Branches:
Dungeon (3/15)

Altars:

Annotations:
D:3 Sigmund


Innate Abilities, Weirdness & Mutations

You are immune to sickness and miasma.
Your stone body is resilient. (AC +3)
You are immune to poison.
You resist negative energy. (rN+)
You are resistant to electric shocks. (rElec)
You are resistant to unholy torment.
You are immune to petrification.


Message History

The hobgoblin shouts!
A hobgoblin is nearby!
The hobgoblin barely misses you.
You barely miss the hobgoblin.
The hobgoblin hits you but does no damage.
The hobgoblin barely misses you.
You barely miss the hobgoblin. The hobgoblin barely misses you.
You block the hobgoblin's attack.
You closely miss the hobgoblin.
The hobgoblin hits you but does no damage.
You barely miss the hobgoblin. You block the hobgoblin's attack. x2
You hit the hobgoblin.
You kill the hobgoblin!
Found a scale mail.
Done exploring.
Done exploring.
There is a stone staircase leading down here.
Things that are here:
a +0 dagger; a goblin skeleton You climb downwards.
There is a stone staircase leading up here.
Sigmund the Dreaded comes into view.
He is wielding a +0 scythe and carrying a wand of flame (18).
Sigmund barely misses you.
You slash Sigmund!
Sigmund is moderately wounded.
Sigmund casts a spell at you.
You are confused.
Sigmund hits you with a +0 scythe.
You bump into the rock wall.
Sigmund hits you from afar with a +0 scythe.
You bump into the rock wall.
Sigmund hits you from afar with a +0 scythe.
You feel less confused.
You feel very mighty all of a sudden. Sigmund gestures at you while chanting.
You are confused.
Sigmund barely misses you.
You bump into the rock wall.
Sigmund zaps a wand.
The puff of flame hits you!
Sigmund zaps a wand.
The puff of flame hits you!
You die...

##############
#............#
####.#######.#
#......# #.#
#.##.#.# #.#
#.<#.#.# #.#
#..#.#.#####.#
#..#@#.......#
#..#@#######.#
#.####.#########
#.............
######.########
#.........
##########


You could see Sigmund.

Vanquished Creatures
  An endoplasm (D:2)
  A giant cockroach (D:2)
  6 goblins
  3 hobgoblins
  3 quokkas
  5 ball pythons
  A bat (D:1)
  2 kobolds (D:1)
  A rat (D:1)
23 creatures vanquished.

Notes
Turn   | Place    | Note
-------+----------+-------------------------------------------
     0 | D:1      | jlumianski the Gargoyle Fighter began the quest for the
                  | Orb.
     0 | D:1      | Reached XP level 1. HP: 14/14 MP: 1/1
   490 | D:1      | Reached XP level 2. HP: 16/19 MP: 2/2
  1042 | D:2      | Reached XP level 3. HP: 23/23 MP: 3/3
  1314 | D:3      | Noticed Sigmund
  1329 | D:3      | Killed from afar by Sigmund

Illustrated notes

Levels and vault maps discovered:
D:1:      dpeg_arrival_leaves_temple_mockup, layout_basic
D:2:      layout_rooms
D:3:      kennysheep_six_static_rooms, layout_basic,
          gammafunk_temple_overflow_claw,
          chequers_ecumenical_altar_simple_redux, uniq_crazy_yiuf_cottage,
          uniq_sigmund

Skill      XL: |  1 |
---------------+----+-----
Axes           | 2 |  2.4
Fighting       | |  3.5
Armour         | |  3.7
Dodging        | |  0.1
Shields        | |  3.3

Action                   || total
-------------------------++-------
Melee: War axe           ||    73
  Use: Potion            ||     1
Armor: Scale mail        ||    21
       Chain mail        ||    21
Dodge: Dodged            ||    21
Block: Kite shield       ||    36
